 Dungeon Crawl Stone Soup version 0.22-a0-480-g991dd4b2b4 (webtiles) character file.

291 Oravi the Gusty (level 6, -4/32 HPs)
             Began as a Tengu Air Elementalist on June 15, 2018.
             Slain by Zaque's ghost (19 damage)
             ... on level 4 of the Dungeon.
             The game lasted 00:18:32 (4583 turns).

Oravi the Gusty (Tengu Air Elementalist)            Turns: 4583, Time: 00:18:34

Health: -4/32      AC:  5    Str:  8    XL:     6   Next: 32%
Magic:  5/10       EV: 12    Int: 18    God:
Gold:   227        SH:  0    Dex: 14    Spells: 3/9 levels left

rFire    . . .     SeeInvis .   o - +0 short sword
rCold    . . .     Gourm    .   (no shield)
rNeg     . . .     Faith    .   a - +1 robe
rPois    +         Spirit   .   (helmet restricted)
rElec    .         Reflect  .   g - +1 cloak {MR+}
rCorr    .         Harm     .   (no gloves)
MR       +....                  (boots unavailable)
Stlth    ++........             (no amulet)
HPRegen  0.10/turn              d - ring of poison resistance
MPRegen  0.12/turn              (no ring)

@: very slightly contaminated
A: beak, talons 3, able to fly 1
a: Fly


You were on level 4 of the Dungeon.
You were not hungry.

You visited 1 branch of the dungeon, and saw 4 of its levels.

You collected 227 gold pieces.

Inventory:

Hand Weapons
 o - a +0 short sword (weapon)
Missiles
 e - 127 stones (quivered)
 i - 20 poisoned needles
Armour
 a - a +1 robe (worn)
 g - a +1 cloak of magic resistance (worn)
Jewellery
 d - a ring of poison resistance (left hand)
Wands
 n - a wand of acid (6)
Scrolls
 f - 7 scrolls of remove curse
 j - 2 scrolls of amnesia
 p - a scroll of teleportation
Potions
 b - 3 potions of curing
 h - a potion of agility
 k - a potion of heal wounds
 l - a potion of magic
 m - a potion of haste {unknown}
Comestibles
 c - a ration


   Skills:
 - Level 2.1 Dodging
 - Level 2.0 Stealth
 - Level 2.0 Spellcasting
 + Level 5.8 Conjurations
 + Level 7.0 Air Magic


You had 3 spell levels left.
You knew the following spells:

 Your Spells              Type           Power        Failure   Level  Hunger
a - Shock                 Conj/Air       ###.         1%          1    #......
b - Swiftness             Chrm/Air       ##......     6%          2    ###....
c - Static Discharge      Conj/Air       ###.....     3%          3    ###....

Your spell library contained the following spells:

 Spells                   Type           Power        Failure   Level  Hunger
 Lightning Bolt           Conj/Air       ###.......   34%         5    ######.
 Airstrike                Air            ####......   10%         4    #####..


Dungeon Overview and Level Annotations

Branches:
Dungeon (4/15)
 Temple: D:4-7

Altars:
Dithmenos
Gozag
Ru

Annotations:
D:3 Arensan's ghost, amateur DrBe
D:4 Eustachio; Zaque's ghost, amateur MiBe


Innate Abilities, Weirdness & Mutations

You have a beak for a mouth.
You have claws for feet.
You can fly.


Message History

Casting: Shock (safe; 1% risk of failure)
Confirm with . or Enter, or press ? or * to list all spells.
Aiming: Shock (safe; 1% risk of failure)
Press: ? - help, Shift-Dir - straight line The zap hits Zaque's ghost.
Zaque's ghost is moderately damaged.
The zap hits Zaque's ghost.
Zaque's ghost is heavily damaged.
Zaque's ghost hits you!
Casting: Shock (safe; 1% risk of failure)
Confirm with . or Enter, or press ? or * to list all spells.
Aiming: Shock (safe; 1% risk of failure)
Press: ? - help, Shift-Dir - straight line The zap hits Zaque's ghost.
Zaque's ghost is severely damaged.
The zap hits Zaque's ghost.
Zaque's ghost is severely damaged.
Zaque's ghost hits you!!
Ouch! That really hurt!
You die...

#.#.# #......
#.#.###W#####
#.#.....# #
########.#.##..#####
#........#.#......##
###.########...##.##
#......W.......##.##
##W#########[#.##.##
#..@.......#.#......
##.####.#..#.###...#
#.# #.#.<#.###...#
#.# #.#.##.#....##
#.# #.#.##.#.#####
#^####.#.##.#.# #
#......#....#.# #
##########..#.#####
#.........


You could see Zaque's ghost.

Vanquished Creatures
  An ogre (D:4)
  An orc priest (D:4)
  An iguana (D:4)
  An orc wizard (D:1)
  A worker ant (D:4)
  A gnoll (D:1)
  2 adders
  2 oozes
  A worm (D:2)
  3 leopard geckos
  4 orcs
  2 bat zombies (D:1)
  4 giant cockroaches
  5 goblins
  8 hobgoblins
  A jackal (D:2)
  2 quokkas
  4 bats
  A frilled lizard (D:1)
  6 kobolds
  6 rats
57 creatures vanquished.

Notes
Turn   | Place    | Note
-------+----------+-------------------------------------------
     0 | D:1      | Oravi the Tengu Air Elementalist began the quest for the Orb.
     0 | D:1      | Reached XP level 1. HP: 10/10 MP: 4/4
   262 | D:1      | Reached XP level 2. HP: 11/15 MP: 1/6
   686 | D:1      | Reached XP level 3. HP: 16/19 MP: 1/7
   690 | D:1      | Learned a level 2 spell: Swiftness
   694 | D:1      | Learned a level 3 spell: Static Discharge
   943 | D:1      | Reached skill level 5 in Air Magic
  1868 | D:2      | Found a sacrificial altar of Ru.
  1871 | D:2      | Reached XP level 4. HP: 21/24 MP: 5/8
  2088 | D:2      | Found an opulent altar of Gozag.
  2559 | D:3      | Noticed Arensan's ghost (amateur DrBe)
  2713 | D:3      | Found a shadowy altar of Dithmenos.
  3014 | D:4      | Noticed Zaque's ghost (amateur MiBe)
  3106 | D:4      | Noticed an ogre
  3124 | D:4      | Killed an ogre
  3124 | D:4      | Reached skill level 5 in Conjurations
  3124 | D:4      | Reached skill level 6 in Air Magic
  3124 | D:4      | Gained mutation: You can fly. [Tengu growth]
  3124 | D:4      | Reached XP level 5. HP: 28/28 MP: 1/9
  3315 | D:4      | Reached XP level 6. HP: 25/32 MP: 5/10
  3564 | D:4      | Noticed Eustachio
  3855 | D:4      | Reached skill level 7 in Air Magic
  4583 | D:4      | Slain by Zaque's ghost

Vault maps used:
D:1:      saegor_arrival_fortress, minmay_tree_intersection
D:2:      nicolae_gozag_cash_rules_everything_around_me,
          nicolae_ru_great_annihilating_truth, first_ration
D:3:      old_standard_altar, corexii_corridor_pit
D:4:      kennysheep_mini, uniq_eustachio

Skill      XL: |  1  2  3  4  5  6 |
---------------+-------------------+-----
Conjurations   | 2 3 5 |  5.8
Air Magic      | 5 6 7 |  7.0
Dodging        | |  2.1
Stealth        | |  2.0
Spellcasting   | |  2.0

Action                   |  1- 3 |  4- 6 || total
-------------------------+-------+-------++-------
Melee: Halberd           |    13 |     3 ||    16
       Kick              |     4 |     1 ||     5
       Peck              |     1 |       ||     1
 Cast: Shock             |    69 |    94 ||   163
  Use: Scroll            |       |    10 ||    10
  Eat: Chunk             |     3 |     8 ||    11
       Ration            |       |     1 ||     1
Armor: Robe              |     4 |     4 ||     8
Dodge: Dodged            |    22 |    17 ||    39

Table legend:
 A = Spawn XP
 B = Non-spawn XP
 C = Spawn XP percentage of total XP
 D = Spawn monster count
 E = Non-spawn monster count
 F = Spawn count percentage of total count
 G = Total turns spent on level
                    A         B        C        D         E        F      G
               +---------+---------+-------+---------+---------+-------+---------
         Total |       0 |     417 |   0.0 |       0 |      57 |   0.0 |  4583
               +---------+---------+-------+---------+---------+-------+---------
           D:1 |       0 |      90 |   0.0 |       0 |      24 |   0.0 |  1260
           D:2 |       0 |      38 |   0.0 |       0 |      13 |   0.0 |  1561
           D:3 |       0 |      28 |   0.0 |       0 |      11 |   0.0 |   882
           D:4 |       0 |     261 |   0.0 |       0 |       9 |   0.0 |   880
               +---------+---------+-------+---------+---------+-------+---------
